 Dungeon Crawl Stone Soup version 0.22.0-27-ga576289601 (webtiles) character file.

3449 Flugkiller the Cleaver (level 9, -6/85 HPs)
             Began as a Deep Dwarf Fighter on Aug 22, 2018.
             Was a Believer of Makhleb.
             Mangled by a seven-headed hydra (11 damage)
             ... on level 1 of the Lair of Beasts.
             The game lasted 00:05:58 (5800 turns).

Flugkiller the Cleaver (Deep Dwarf Fighter)         Turns: 5800, Time: 00:05:58

Health: -6/85      AC: 16    Str: 24    XL:     9   Next: 78%
Magic:  11/11      EV:  6    Int:  8    God:    Makhleb [**....]
Gold:   258        SH:  9    Dex: 12    Spells: 8/8 levels left

rFire    . . .     SeeInvis .   M - +10 morningstar "Eos" {elec, Halo rElec}
rCold    . . .     Gourm    .   c - +0 shield
rNeg     . . .     Faith    .   k - +0 chain mail
rPois    .         Spirit   .   w - +0 helmet
rElec    +         Reflect  .   D - +0 cloak
rCorr    .         Harm     .   o - +0 pair of gloves
MR       +....                  r - +0 pair of boots
Stlth    ..........             (no amulet)
HPRegen  0.00/turn              (no ring)
MPRegen  0.12/turn              (no ring)

@: non-regenerating, glowing, drained
A: damage resistance, heal wounds, sense surroundings 2, no regeneration
a: Heal Wounds, Minor Destruction, Renounce Religion


You were on level 1 of the Lair of Beasts.
You worshipped Makhleb.
Makhleb was pleased with you.
You were hungry.

You visited 2 branches of the dungeon, and saw 9 of its levels.

You collected 303 gold pieces.
You spent 45 gold pieces at shops.

Inventory:

Hand Weapons
 a - a +0 war axe
 M - the +10 morningstar "Eos" (weapon) {elec, Halo rElec}
   (You found it on level 8 of the Dungeon)

   Occasionally, upon striking a foe, it will discharge some electrical energy
   and cause terrible harm.
   It insulates you from electricity.
Missiles
 J - 2 throwing nets (quivered)
Armour
 c - a +0 shield (worn)
 k - a +0 chain mail (worn)
 o - a +0 pair of gloves (worn)
 r - a +0 pair of boots (worn)
 w - a +0 helmet (worn)
 y - a +0 large shield
 D - a +0 cloak (worn)
Jewellery
 b - an uncursed ring of fire {unknown}
 j - an uncursed ring of protection from fire {unknown}
 t - an uncursed ring of magical power {unknown}
 C - a +6 ring of strength {unknown}
Wands
 n - a wand of paralysis (12)
 q - a wand of clouds (4)
 O - a wand of random effects (30)
Scrolls
 e - 2 scrolls of random uselessness {unknown}
 g - 5 scrolls of immolation {unknown}
 h - 3 scrolls of noise {unknown}
 i - 8 scrolls of teleportation {unknown}
 l - 4 scrolls of remove curse {unknown}
 s - 4 scrolls of identify {unknown}
 u - a scroll of fear {unknown}
 E - 2 scrolls of amnesia {unknown}
 F - a scroll of fog {unknown}
 I - a scroll of acquirement {unknown}
 K - a scroll of magic mapping {unknown}
 N - a scroll of vulnerability {unknown}
Potions
 d - 3 potions of might
 m - a potion of lignification {unknown}
 p - a potion of agility {unknown}
 v - a potion of heal wounds
 x - a potion of resistance {unknown}
 z - a potion of curing
 A - 3 potions of berserk rage {unknown}
 B - 2 potions of cancellation {unknown}
 H - a potion of flight {unknown}
 L - a potion of mutation {unknown}
 P - 2 potions of haste {unknown}
Comestibles
 f - 8 rations


   Skills:
 + Level 6.4(6.2) Fighting
 - Level 10.0(9.7) Axes
 + Level 0.2(5.4) Maces & Flails
 + Level 7.6(7.4) Armour
 - Level 3.2(3.0) Shields
 + Level 7.6(7.3) Invocations


You had 8 spell levels left.
You didn't know any spells.
Your spell library was empty.

Dungeon Overview and Level Annotations

Branches:
Dungeon (8/15)             Temple (0/1) D:6            Lair (1/6) D:8

Altars:
Cheibriados
Gozag
Kikubaaqudgha
Makhleb
Sif Muna
Trog
Uskayaw
Vehumet
Zin
The Shining One

Shops:
D:4 ?   D:5 [   D:6 [

Annotations:
D:3 1 runed door, denis1488's ghost, amateur HuFi
D:4 1 runed door


Innate Abilities, Weirdness & Mutations

You are resistant to damage.
You can heal yourself by infusing magical energy.
You passively map the area around you.
You do not regenerate.


Message History

The seven-headed hydra bites you.
* * * LOW HITPOINT WARNING * * *
The eight-headed hydra bites you but does no damage. x2
The eight-headed hydra bites you.
* * * LOW HITPOINT WARNING * * *
The eight-headed hydra completely misses you.
The eight-headed hydra bites you.
The eight-headed hydra bites you but does no damage.
You block the eight-headed hydra's attack. x2
You impale the eight-headed hydra!!
The eight-headed hydra is almost dead.
The seven-headed hydra bites you.
* * * LOW HITPOINT WARNING * * *
The seven-headed hydra bites you but does no damage.
The seven-headed hydra bites you.
You block the seven-headed hydra's attack.
The seven-headed hydra bites you but does no damage.
You block the seven-headed hydra's attack.
The seven-headed hydra bites you!
You die...

, , ,, * , , , ,
* #### ,* , ,
##...#. , . .....
, .# #F..# , ,*
.. , .F% # * #. *
#.# .# *,*
..###r###F###..#
*
....FrD@DF.....#
*
*###.#####<.#.#.#
** * ##.#*, * , ,
......F.....# , ,
* #.###..#....P#
, , ...# #.P.##
,, ,, * *#.#.
.#..# * ** #.#.,,
.#.## # # *,#,#


You could see an eight-headed hydra, a seven-headed hydra, 3 blink frogs, a hell
rat and a river rat.

Vanquished Creatures
  Grinder (D:5)
  A hippogriff (D:7)
  Sigmund (D:6)
  A hungry ghost (D:7)
  Edmund (D:4)
  2 porcupines (D:8)
  2 orc warriors
  3 black bears (D:8)
  A hornet zombie (D:8)
  2 centaurs
  A phantom (D:7)
  4 ogres
  A big kobold (D:7)
  4 bullfrogs
  A scorpion (D:8)
  A howler monkey (D:4)
  A centaur zombie (D:7)
  6 crimson imps
  2 hounds
  2 orc priests
  2 centaur skeletons
  A bullfrog skeleton (D:8)
  7 orc wizards
  A hell rat (D:8)
  3 worker ants
  A worker ant zombie (D:8)
  7 adders
  A river rat (D:8)
  2 shadow imps
  A worm (D:5)
  2 dart slugs
  13 orcs
  6 hobgoblins
  12 jackals
  5 quokkas
  3 ball pythons
  5 bats
  4 frilled lizards
  6 goblins
  13 kobolds
  7 rats
140 creatures vanquished.

Vanquished Creatures (others)
  7 fungi (D:8)
7 creatures vanquished.

Grand Total: 147 creatures vanquished

Notes
Turn   | Place    | Note
-------+----------+-------------------------------------------
     0 | D:1      | Flugkiller the Deep Dwarf Fighter began the quest for the Orb.
     0 | D:1      | Reached XP level 1. HP: 20/20 MP: 1/1
   224 | D:1      | Reached XP level 2. HP: 21/27 MP: 2/2
   765 | D:2      | Reached skill level 3 in Axes
  1133 | D:2      | Reached XP level 3. HP: 34/34 MP: 3/3
  1323 | D:2      | Reached XP level 4. HP: 37/42 MP: 4/4
  1508 | D:3      | Found a glowing silver altar of Zin.
  1508 | D:3      | Found a glowing golden altar of the Shining One.
  1572 | D:3      | Reached skill level 4 in Axes
  1576 | D:3      | Found a burning altar of Makhleb.
  1595 | D:3      | Became a worshipper of Makhleb the Destroyer
  1658 | D:3      | Found a runed door.
  1658 | D:3      | Noticed a bullfrog
  1856 | D:3      | Noticed denis1488's ghost (amateur HuFi)
  1893 | D:3      | Reached skill level 1 in Invocations
  1988 | D:4      | Reached XP level 5. HP: 36/49 MP: 5/5
  2256 | D:4      | Noticed Edmund
  2257 | D:4      | Noticed an ogre
  2283 | D:4      | Killed an ogre
  2283 | D:4      | Reached skill level 5 in Axes
  2283 | D:4      | Reached XP level 6. HP: 29/57 MP: 7/7
  2296 | D:4      | Killed Edmund
  2795 | D:4      | Reached skill level 5 in Armour
  2795 | D:4      | Reached XP level 7. HP: 60/64 MP: 8/8
  2799 | D:4      | Reached skill level 6 in Axes
  2858 | D:4      | Found a runed door.
  2929 | D:4      | Found Edopuam's Magic Scroll Shop.
  2954 | D:4      | Found a deep blue altar of Sif Muna.
  3064 | D:5      | Entered Level 5 of the Dungeon
  3151 | D:5      | Found Ditotyam's Armour Emporium.
  3157 | D:5      | Reached * piety under Makhleb
  3170 | D:5      | Bought a +0 large shield for 45 gold pieces
  3282 | D:5      | Found an ancient bone altar of Kikubaaqudgha.
  3453 | D:5      | Found a radiant altar of Vehumet.
  3742 | D:6      | Noticed Grinder
  3744 | D:6      | Paralysed by Grinder for 3 turns
  3750 | D:6      | Noticed Sigmund
  3767 | D:5      | Paralysed by Grinder for 3 turns
  3776 | D:5      | Killed Grinder
  3776 | D:5      | Reached skill level 7 in Axes
  3776 | D:5      | Reached XP level 8. HP: 23/73 MP: 10/10
  3816 | D:6      | Found a staircase to the Ecumenical Temple.
  3818 | D:6      | Found Yfrecewy's Armour Emporium.
  3994 | D:6      | Reached skill level 5 in Fighting
  3994 | D:6      | Reached skill level 5 in Invocations
  4036 | D:6      | Found a bloodstained altar of Trog.
  4133 | D:6      | Found a bloodstained altar of Trog.
  4191 | D:6      | Found a burning altar of Makhleb.
  4462 | D:6      | Found a snail-covered altar of Cheibriados.
  4507 | D:6      | Killed Sigmund
  4551 | D:7      | Reached skill level 8 in Axes
  4616 | D:7      | Noticed a hippogriff
  4645 | D:7      | Killed a hippogriff
  4645 | D:7      | Gained mutation: You passively map the area around you. [Deep Dwarf growth]
  4645 | D:7      | Reached XP level 9. HP: 72/81 MP: 11/11
  4740 | D:7      | Reached ** piety under Makhleb
  4744 | D:7      | Found a hide-covered altar of Uskayaw.
  4769 | D:7      | Found a deep blue altar of Sif Muna.
  4840 | D:7      | Reached skill level 9 in Axes
  5260 | D:8      | Found the +10 morningstar "Eos" {elec, Halo rElec}
  5653 | D:8      | Found a staircase to the Lair.
  5658 | D:8      | Reached skill level 10 in Axes
  5689 | D:8      | Found an opulent altar of Gozag.
  5770 | Lair:1   | Entered Level 1 of the Lair of Beasts
  5771 | Lair:1   | Noticed an eight-headed hydra
  5791 | Lair:1   | Noticed a seven-headed hydra
  5800 | Lair:1   | Mangled by a seven-headed hydra

Skill      XL: |  1  2  3  4  5  6  7  8  9 |
---------------+----------------------------+-----
Axes           | 3 4 5 7 8 10 | 10.0
Fighting       | 3 4 5 6 |  6.4
Armour         | 4 5 6 7 |  7.6
Invocations    | 1 2 3 4 6 7 |  7.6
Maces & Flails | |  0.2
Shields        | |  3.2

Action                   |  1- 3 |  4- 6 |  7- 9 || total
-------------------------+-------+-------+-------++-------
Melee: War axe           |   123 |   191 |   305 ||   619
       Morningstar       |       |       |    35 ||    35
 Abil: Heal Wounds       |     1 |     3 |     5 ||     9
  Eat: Chunk             |     2 |     4 |    10 ||    16
       Ration            |       |       |     1 ||     1
Armor: Scale mail        |    34 |       |       ||    34
       Chain mail        |    40 |   123 |   229 ||   392
Dodge: Dodged            |    29 |    50 |    74 ||   153
Block: Shield            |    69 |   104 |   156 ||   329
       Large shield      |       |       |    16 ||    16
